 Dungeon Crawl Stone Soup version 0.27.0-1-g7a089689b8 (webtiles) character file.

Game seed: 7111397617112974262

84 EnegeticOcto the Covered (level 4, -2/42 HPs)
             Began as a Deep Dwarf Fighter on Aug 2, 2021.
             Slain by Crazy Yiuf (9 damage)
             ... on level 2 of the Dungeon.
             The game lasted 00:00:34 (1270 turns).

EnegeticOcto the Covered (Deep Dwarf Fighter)       Turns: 1270, Time: 00:00:35

Health: -2/42      AC:  9    Str: 21    XL:     4   Next: 23%
Magic:  4/4        EV:  7    Int:  8    God:
Gold:   105        SH:  9    Dex: 12    Spells: 3/3 levels left

rFire    . . .     SeeInvis .   a - +0 war axe
rCold    . . .     Faith    .   c - +0 kite shield
rNeg     . . .     Spirit   .   b - +0 scale mail
rPois    .         Reflect  .   k - +1 helmet
rElec    .         Harm     .   (no cloak)
rCorr    .         Rampage  .   (no gloves)
Will     .....                  (no boots)
Stlth    ..........             (no amulet)
HPRegen  0.00/turn              (no ring)
MPRegen  0.09/turn              (no ring)

@: no status effects
A: damage resistance, heal wounds, sense surroundings 1, no regeneration
a: Heal Wounds


You were on level 2 of the Dungeon.
You visited 1 branch of the dungeon, and saw 2 of its levels.

You collected 105 gold pieces.

Inventory:

Hand Weapons
 a - a +0 war axe (weapon)
Armour
 b - a +0 scale mail (worn)
 c - a +0 kite shield (worn)
 k - a +1 helmet (worn)
Scrolls
 e - a scroll of immolation {unknown}
 f - 2 scrolls of identify {unknown}
 g - a scroll of magic mapping {unknown}
 h - a scroll of enchant armour {unknown}
 j - a scroll of noise {unknown}
Potions
 d - a potion of might {@q3}
 i - a potion of cancellation {unknown}


   Skills:
 + Level 3.1 Fighting
 * Level 3.6 Axes
 + Level 3.8 Armour
 + Level 3.8 Shields


You had 3 spell levels left.
You didn't know any spells.
Your spell library was empty.

Dungeon Overview and Level Annotations

Branches:
Dungeon (2/15)

Altars:

Annotations:
D:2 Crazy Yiuf


Innate Abilities, Weirdness & Mutations

You are resistant to damage.
You can heal yourself by infusing magical energy.
You passively map a small area around you.
You do not regenerate.


Message History

The adder is lightly wounded.
You block the adder's attack. The adder closely misses you.
You miss the adder.
The adder is lightly wounded.
You are no longer poisoned.
The adder bites you but does no damage. The adder bites you.
You hit the adder.
The adder is heavily wounded.
You block the adder's attack. The adder bites you.
You are poisoned.
The adder poisons you!
You closely miss the adder.
The adder is heavily wounded.
You block the adder's attack. The adder bites you but does no damage.
You hit the adder.
The adder is severely wounded.
The adder barely misses you. x2
An adder is nearby!
An adder is nearby!
An adder is nearby!
An adder is nearby!
An adder is nearby!
An adder is nearby!
You closely miss the adder.
The adder is severely wounded.
You block the adder's attack. x2
You slash the adder!
You kill the adder!
You are no longer poisoned.
No target in view!
No target in view!
No target in view!
No target in view!
Things that are here:
a hobgoblin corpse; a frilled lizard corpse
Found a faded altar of an unknown god.
Found 12 poisoned darts.
Found a spear.
Found a leather armour.
There is a faded altar of an unknown god here.
You now have 99 gold pieces (gained 10).
Found a mace.
Found a runed translucent door.
No target in view!
Crazy Yiuf twirls on the spot.
You see here a +0 short sword.
There is an escape hatch in the ceiling here.
You now have 105 gold pieces (gained 6).
Crazy Yiuf shouts!
No reachable target in view!
No reachable target in view!
No reachable target in view!
No reachable target in view!
No reachable target in view!
No reachable target in view!
No reachable target in view!
No reachable target in view!
No reachable target in view!
No reachable target in view!
No reachable target in view!
No reachable target in view!
No reachable target in view!
No reachable target in view!
No reachable target in view!
No reachable target in view!
You open the door.
Crazy Yiuf cries, "Tosser sallow testudinal!"
Crazy Yiuf cries, "You leg down broken song, no?"
Crazy Yiuf hits you with a +4 quarterstaff of chaos.
Crazy Yiuf freezes you.
You feel much better.
Crazy Yiuf hits you with a +4 quarterstaff of chaos.
You closely miss Crazy Yiuf.
Crazy Yiuf hits you with a +4 quarterstaff of chaos!
You closely miss Crazy Yiuf. You block Crazy Yiuf's attack.
Crazy Yiuf barely misses you.
You hit Crazy Yiuf.
Crazy Yiuf is moderately wounded.
Crazy Yiuf hits you with a +4 quarterstaff of chaos!
You hit Crazy Yiuf.
Crazy Yiuf is moderately wounded.
Crazy Yiuf hits you with a +4 quarterstaff of chaos! x2
* * * LOW HITPOINT WARNING * * *
Crazy Yiuf burns you.
* * * LOW HITPOINT WARNING * * *
You are too injured to fight recklessly!
You are too injured to fight recklessly!
You are too injured to fight recklessly!
You are too injured to fight recklessly!
You are too injured to fight recklessly!
You are too injured to fight recklessly!
You are too injured to fight recklessly!
You are too injured to fight recklessly!
You are too injured to fight recklessly!
You are too injured to fight recklessly!
You are too injured to fight recklessly!
You are too injured to fight recklessly!
You are too injured to fight recklessly!
You fail to use your ability.
Crazy Yiuf hits you with a +4 quarterstaff of chaos!
You die...

###...##........#####.######.####
#.#........#........# #.....
#..<#.#.##.#.#############.####
#####.######## #......... #.#
##.##.#### ##.##♣♣♣♣♣ #.##.##
#..#...♣.♣♣♣* ### #.....#
#.......♣..♣#...# ####.<#
#......♣♣♣♣@g...# #####..#
##.#..♣♣ ♣♣#..)# #<.....# ####♣♣
*### ######.# #.# ######.# ###
#########....#.# #.#
#......#####.#.# #.#
######.#####.#.# #.# #.##......#


You could see Crazy Yiuf.

Vanquished Creatures
  4 adders (D:2)
  A worm (D:2)
  2 dart slugs (D:1)
  2 ball pythons
  2 bats (D:1)
  2 endoplasms
  4 giant cockroaches
  2 goblins (D:1)
  6 hobgoblins
  2 jackals (D:1)
  4 kobolds
  3 quokkas
  3 frilled lizards
37 creatures vanquished.

Vanquished Creatures (others)
  5 demonic plants (D:2)
  10 fungi (D:2)
  3 plants (D:2)
  3 withered plants (D:2)
21 creatures vanquished.

Grand Total: 58 creatures vanquished

Notes
Turn   | Place    | Note
-------+----------+-------------------------------------------
     0 | D:1      | EnegeticOcto the Deep Dwarf Fighter began the quest for the
                  | Orb.
     0 | D:1      | Reached XP level 1. HP: 20/20 MP: 1/1
   101 | D:1      | Reached XP level 2. HP: 27/27 MP: 2/2
   402 | D:1      | Reached XP level 3. HP: 31/33 MP: 3/3
   938 | D:2      | Reached XP level 4. HP: 39/42 MP: 4/4
   951 | D:2      | Found a faded altar of an unknown god.
  1063 | D:2      | Found a runed translucent door.
  1064 | D:2      | Noticed Crazy Yiuf
  1270 | D:2      | Slain by Crazy Yiuf

Illustrated notes

Levels and vault maps discovered:
D:1:      minmay_arrival_nine_rooms, layout_basic, st_stairs_6,
          chequers_serial_rivers_micro_e, hangedman_decor_growths,
          minmay_tree_intersection
D:2:      layout_loops_cross, shapermc_ecumenical_altar_gd, st_stairs_14,
          uniq_crazy_yiuf_cottage

Skill      XL: |  1  2  3 |
---------------+----------+-----
Axes           | 3 |  3.6
Fighting       | 3 |  3.1
Armour         | |  3.8
Shields        | |  3.8

Action                   |  1- 3 |  4- 6 || total
-------------------------+-------+-------++-------
Melee: War axe           |   101 |    15 ||   116
 Abil: Heal Wounds       |     1 |     1 ||     2
Armor: Scale mail        |    38 |     7 ||    45
Dodge: Dodged            |    27 |     5 ||    32
Block: Kite shield       |    48 |     8 ||    56
